[ AOE2 MATCH · #507828720 ]
UnrankedCelts vs Cumans
Player's team · WIN
Rival team · LOSS
[ REPLAY ANALYSIS · EXTRACTED FROM THE RECORDED GAME ]
Feudal
10:20
Castle
16:12
Imperial
—
| APM avg | 59.1 |
| APM peak | 92 |
| eAPM avg | 22.7 |
| Villagers / military | 90 / 31 |
Focus
⚔️ 32.0% · 🌾 68.0%
Knight ×12 · Monk ×7 · Mangonel ×5 · Militia ×3 · Spearman ×2 · Battering Ram ×1
Feudal
8:53
Castle
23:05
Imperial
—
| APM avg | 71.5 |
| APM peak | 149 |
| eAPM avg | 42.7 |
| Villagers / military | 86 / 30 |
Focus
⚔️ 50.2% · 🌾 49.8%
Camel Scout ×18 · Scout Cavalry ×6 · Spearman ×4 · Steppe Lancer ×2
Match map
Initial resources + every placement click. Lines = walls · curves = elevation contours. ◆ gold · ⬟ stone · ● berries · ✦ relic · ◌ wall gap
Your base· Open — unwalled flank
harooooo's base· Open — 5t gap
Smoothed initial terrain · ◌ = detected wall gap · hover for details
Inputs per minute
— DK | Mauseren - - harooooo
Build order — DK | Mauseren
First 150 of 185 actions detected
| 0:00 | Create | Villager (Male) |
| 0:00 | Create | Villager (Male) |
| 0:01 | Create | Villager (Male) |
| 0:02 | Build | House |
| 0:02 | Build | House |
| 0:06 | Create | Villager (Male) |
| 1:28 | Build | Lumber Camp |
| 1:31 | Create | Villager (Male) |
| 1:56 | Create | Villager (Male) |
| 2:28 | Create | Villager (Male) |
| 2:44 | Create | Villager (Male) |
| 3:15 | Create | Villager (Male) |
| 3:20 | Build | House |
| 3:46 | Create | Villager (Male) |
| 4:01 | Build | House |
| 4:10 | Create | Villager (Male) |
| 4:26 | Build | Barracks |
| 4:37 | Create | Villager (Male) |
| 4:51 | Create | Villager (Male) |
| 4:54 | Create | Villager (Male) |
| 5:35 | Create | Villager (Male) |
| 5:36 | Build | House |
| 5:40 | Create | Militia |
| 5:54 | Create | Militia |
| 6:07 | Build | House |
| 6:09 | Create | Villager (Male) |
| 6:19 | Build | Mill |
| 6:25 | Create | Militia |
| 6:47 | Create | Villager (Male) |
| 6:55 | Create | Villager (Male) |
| 7:30 | Create | Villager (Male) |
| 7:32 | Research | Loom |
| 8:10 | Research | Feudal Age |
| 8:59 | Create | Villager (Male) |
| 9:10 | Create | Villager (Male) |
| 9:19 | Create | Villager (Male) |
| 9:21 | Build | Mining Camp |
| 9:33 | Create | Villager (Male) |
| 9:48 | Create | Villager (Male) |
| 9:49 | Build | Farm |
| 9:51 | Build | Farm |
| 10:05 | Build | Farm |
| 10:08 | Create | Villager (Male) |
| 10:20 | Age | Feudal Age |
| 10:27 | Create | Villager (Male) |
| 10:29 | Create | Villager (Male) |
| 10:31 | Create | Villager (Male) |
| 10:35 | Create | Villager (Male) |
| 10:38 | Create | Villager (Male) |
| 10:40 | Create | Villager (Male) |
| 10:47 | Create | Villager (Male) |
| 11:18 | Create | Villager (Male) |
| 11:25 | Create | Villager (Male) |
| 11:35 | Create | Villager (Male) |
| 11:39 | Build | Farm |
| 11:39 | Create | Villager (Male) |
| 11:44 | Build | Farm |
| 12:16 | Build | Market |
| 12:28 | Build | House |
| 12:53 | Create | Villager (Male) |
| 13:01 | Build | Stable |
| 13:26 | Create | Villager (Male) |
| 13:32 | Research | Castle Age |
| 13:47 | Research | Double-Bit Axe |
| 14:32 | Create | Villager (Male) |
| 14:36 | Build | Blacksmith |
| 14:38 | Build | House |
| 14:39 | Build | Palisade Wall |
| 14:58 | Create | Villager (Male) |
| 15:05 | Create | Scout Cavalry |
| 15:34 | Create | Villager (Male) |
| 15:57 | Create | Villager (Male) |
| 16:03 | Create | Spearman |
| 16:12 | Age | Castle Age |
| 16:13 | Create | Knight |
| 16:25 | Create | Villager (Male) |
| 16:29 | Create | Villager (Male) |
| 16:31 | Create | Knight |
| 16:33 | Build | Stable |
| 16:40 | Create | Villager (Male) |
| 16:41 | Create | Villager (Male) |
| 16:53 | Create | Villager (Male) |
| 16:59 | Create | Knight |
| 17:07 | Create | Knight |
| 17:13 | Create | Villager (Male) |
| 17:16 | Build | Farm |
| 17:16 | Build | Farm |
| 17:18 | Build | Farm |
| 17:19 | Build | Farm |
| 17:34 | Research | Forging |
| 17:37 | Create | Villager (Male) |
| 17:48 | Build | Siege Workshop |
| 18:07 | Create | Villager (Male) |
| 18:22 | Create | Battering Ram |
| 18:32 | Create | Villager (Male) |
| 18:38 | Build | Monastery |
| 18:45 | Create | Knight |
| 18:47 | Build | House |
| 18:52 | Build | Farm |
| 18:54 | Build | Farm |
| 19:03 | Create | Mangonel |
| 19:14 | Create | Villager (Male) |
| 19:24 | Build | House |
| 19:35 | Create | Monk |
| 19:50 | Create | Villager (Male) |
| 19:57 | Create | Villager (Male) |
| 20:07 | Create | Villager (Male) |
| 20:09 | Create | Monk |
| 20:16 | Create | Villager (Male) |
| 20:19 | Create | Knight |
| 20:31 | Create | Mangonel |
| 20:38 | Create | Villager (Male) |
| 21:12 | Create | Villager (Male) |
| 21:16 | Build | Farm |
| 21:16 | Create | Villager (Male) |
| 21:18 | Build | House |
| 21:20 | Build | House |
| 21:33 | Research | Scale Barding Armor |
| 21:33 | Research | Scale Barding Armor |
| 21:36 | Create | Villager (Male) |
| 21:37 | Create | Spearman |
| 21:39 | Build | Farm |
| 21:41 | Build | Farm |
| 21:42 | Build | Farm |
| 21:43 | Build | Farm |
| 21:58 | Create | Villager (Male) |
| 22:11 | Create | Villager (Male) |
| 22:24 | Create | Knight |
| 22:32 | Create | Villager (Male) |
| 22:39 | Create | Mangonel |
| 22:53 | Create | Villager (Male) |
| 22:57 | Create | Villager (Male) |
| 23:09 | Create | Monk |
| 23:12 | Create | Mangonel |
| 23:14 | Build | House |
| 23:31 | Create | Monk |
| 23:35 | Create | Villager (Male) |
| 23:39 | Create | Villager (Male) |
| 23:58 | Create | Villager (Male) |
| 23:59 | Create | Villager (Male) |
| 24:03 | Create | Mangonel |
| 24:35 | Create | Villager (Male) |
| 24:39 | Create | Monk |
| 24:55 | Create | Villager (Male) |
| 24:56 | Create | Monk |
| 24:59 | Create | Knight |
| 25:00 | Create | Villager (Male) |
| 25:05 | Create | Villager (Male) |
| 25:10 | Create | Villager (Male) |
| 25:16 | Create | Villager (Male) |
Build order — harooooo
First 150 of 222 actions detected
| 0:03 | Create | Villager (Male) |
| 0:03 | Create | Villager (Male) |
| 0:04 | Build | House |
| 0:05 | Build | House |
| 0:22 | Create | Villager (Male) |
| 0:22 | Create | Villager (Male) |
| 1:13 | Create | Villager (Male) |
| 1:53 | Build | Lumber Camp |
| 1:56 | Create | Villager (Male) |
| 2:05 | Create | Villager (Male) |
| 2:31 | Create | Villager (Male) |
| 3:13 | Create | Villager (Male) |
| 3:16 | Create | Villager (Male) |
| 3:36 | Create | Villager (Male) |
| 3:45 | Build | House |
| 3:47 | Build | House |
| 3:50 | Create | Villager (Male) |
| 4:13 | Create | Villager (Male) |
| 4:18 | Create | Villager (Male) |
| 4:38 | Create | Villager (Male) |
| 4:38 | Create | Villager (Male) |
| 5:18 | Research | Loom |
| 5:27 | Build | Mill |
| 6:21 | Research | Feudal Age |
| 6:21 | Research | Feudal Age |
| 6:49 | Create | Villager (Male) |
| 6:51 | Create | Villager (Male) |
| 6:57 | Build | House |
| 8:25 | Build | Palisade Wall |
| 8:37 | Create | Villager (Male) |
| 8:40 | Create | Villager (Male) |
| 8:44 | Build | House |
| 8:53 | Age | Feudal Age |
| 9:04 | Build | Town Center |
| 9:57 | Build | Palisade Wall |
| 9:58 | Build | Palisade Wall |
| 9:59 | Build | Palisade Wall |
| 10:03 | Build | Palisade Wall |
| 10:03 | Build | Palisade Wall |
| 10:03 | Build | Palisade Wall |
| 10:07 | Create | Villager (Male) |
| 10:25 | Build | House |
| 10:35 | Create | Villager (Male) |
| 10:38 | Create | Villager (Male) |
| 10:47 | Create | Villager (Male) |
| 10:50 | Create | Villager (Male) |
| 10:51 | Create | Villager (Male) |
| 10:54 | Build | Farm |
| 10:54 | Build | Farm |
| 10:54 | Build | Farm |
| 10:54 | Build | Farm |
| 10:54 | Build | Farm |
| 10:55 | Build | Farm |
| 10:55 | Build | Farm |
| 10:55 | Build | Farm |
| 11:12 | Build | Farm |
| 11:13 | Create | Villager (Male) |
| 11:13 | Create | Villager (Male) |
| 11:29 | Build | Farm |
| 11:30 | Create | Villager (Male) |
| 11:30 | Create | Villager (Male) |
| 11:40 | Build | Palisade Wall |
| 11:47 | Create | Villager (Male) |
| 11:47 | Create | Villager (Male) |
| 11:50 | Build | Farm |
| 12:08 | Create | Villager (Male) |
| 12:08 | Create | Villager (Male) |
| 12:09 | Create | Villager (Male) |
| 12:09 | Create | Villager (Male) |
| 12:12 | Build | Farm |
| 12:25 | Create | Villager (Male) |
| 12:25 | Create | Villager (Male) |
| 12:30 | Build | Palisade Wall |
| 12:33 | Build | Farm |
| 12:37 | Create | Villager (Male) |
| 12:37 | Create | Villager (Male) |
| 12:43 | Research | Double-Bit Axe |
| 12:43 | Research | Double-Bit Axe |
| 12:56 | Build | Farm |
| 12:57 | Create | Villager (Male) |
| 12:57 | Create | Villager (Male) |
| 12:57 | Create | Villager (Male) |
| 13:07 | Create | Villager (Male) |
| 13:07 | Create | Villager (Male) |
| 13:22 | Create | Villager (Male) |
| 13:27 | Build | Barracks |
| 13:32 | Create | Villager (Male) |
| 13:35 | Create | Villager (Male) |
| 13:40 | Build | Farm |
| 13:47 | Create | Villager (Male) |
| 13:47 | Create | Villager (Male) |
| 13:52 | Build | Farm |
| 13:55 | Build | Palisade Wall |
| 13:59 | Create | Villager (Male) |
| 13:59 | Create | Villager (Male) |
| 14:13 | Build | Palisade Wall |
| 14:14 | Build | Palisade Wall |
| 14:15 | Build | Palisade Wall |
| 14:15 | Build | Palisade Wall |
| 14:17 | Create | Villager (Male) |
| 14:19 | Build | Stable |
| 14:21 | Create | Villager (Male) |
| 14:26 | Research | Town Watch |
| 14:26 | Research | Town Watch |
| 14:29 | Build | House |
| 14:30 | Create | Villager (Male) |
| 14:34 | Create | Villager (Male) |
| 14:39 | Create | Villager (Male) |
| 14:40 | Build | Farm |
| 14:54 | Create | Spearman |
| 15:02 | Build | Farm |
| 15:03 | Build | Farm |
| 15:04 | Create | Scout Cavalry |
| 15:07 | Build | Farm |
| 15:14 | Create | Villager (Male) |
| 15:18 | Build | Palisade Wall |
| 15:19 | Build | Palisade Wall |
| 15:28 | Create | Villager (Male) |
| 15:31 | Build | Farm |
| 15:34 | Build | House |
| 15:48 | Create | Villager (Male) |
| 15:57 | Build | House |
| 15:58 | Create | Villager (Male) |
| 16:02 | Build | Farm |
| 16:03 | Create | Villager (Male) |
| 16:05 | Create | Scout Cavalry |
| 16:16 | Create | Scout Cavalry |
| 16:18 | Build | Stable |
| 16:29 | Build | House |
| 16:33 | Create | Scout Cavalry |
| 16:47 | Create | Scout Cavalry |
| 16:51 | Create | Villager (Male) |
| 17:03 | Create | Scout Cavalry |
| 17:12 | Build | Farm |
| 17:13 | Build | Farm |
| 17:15 | Build | Farm |
| 17:17 | Build | Mining Camp |
| 17:20 | Build | Mining Camp |
| 17:32 | Create | Villager (Male) |
| 17:36 | Build | Farm |
| 17:37 | Build | Farm |
| 17:39 | Build | Farm |
| 17:53 | Create | Villager (Male) |
| 18:08 | Build | Lumber Camp |
| 18:11 | Create | Villager (Male) |
| 18:11 | Create | Villager (Male) |
| 18:18 | Build | Palisade Wall |
| 18:44 | Create | Villager (Male) |
| 18:53 | Build | Blacksmith |
| 18:56 | Build | Palisade Wall |
Match timeline
| 4:26 | DK | Mauseren · first_building Barracks |
| 8:25 | harooooo · wall_segment Palisade Wall x1 |
| 8:53 | harooooo · age_up feudal |
| 9:57 | harooooo · wall_segment Palisade Wall x1 |
| 9:58 | harooooo · wall_segment Palisade Wall x2 |
| 9:59 | harooooo · wall_segment Palisade Wall x4 |
| 10:03 | harooooo · wall_segment Palisade Wall x1 |
| 10:03 | harooooo · wall_segment Palisade Wall x1 |
| 10:03 | harooooo · wall_segment Palisade Wall x1 |
| 10:20 | DK | Mauseren · age_up feudal |
| 11:40 | harooooo · wall_segment Palisade Wall x1 |
| 12:30 | harooooo · wall_segment Palisade Wall x1 |
| 13:01 | DK | Mauseren · first_building Stable |
| 13:27 | harooooo · first_building Barracks |
| 13:55 | harooooo · wall_segment Palisade Wall x8 |
| 14:13 | harooooo · wall_segment Palisade Wall x16 |
| 14:14 | harooooo · wall_segment Palisade Wall x1 |
| 14:15 | harooooo · wall_segment Palisade Wall x2 |
| 14:15 | harooooo · wall_segment Palisade Wall x1 |
| 14:19 | harooooo · first_building Stable |
| 14:39 | DK | Mauseren · wall_segment Palisade Wall x3 |
| 15:18 | harooooo · wall_segment Palisade Wall x6 |
| 15:19 | harooooo · wall_segment Palisade Wall x10 |
| 16:12 | DK | Mauseren · age_up castle |
| 17:48 | DK | Mauseren · first_building Siege Workshop |
| 18:18 | harooooo · wall_segment Palisade Wall x4 |
| 18:34 | DK | Mauseren · first_market_sell 100 stone |
| 18:34 | DK | Mauseren · first_market_buy 100 wood |
| 18:38 | DK | Mauseren · first_building Monastery |
| 18:56 | harooooo · wall_segment Palisade Wall x3 |
| 19:32 | harooooo · wall_segment Palisade Wall x4 |
| 19:33 | harooooo · wall_segment Palisade Wall x1 |
| 20:10 | harooooo · first_market_buy 100 food |
| 20:20 | harooooo · first_market_sell 100 wood |
| 20:58 | harooooo · wall_segment Palisade Wall x4 |
| 20:59 | harooooo · wall_segment Palisade Wall x1 |
| 20:59 | harooooo · wall_segment Palisade Wall x1 |
| 22:24 | harooooo · wall_segment Palisade Wall x1 |
| 22:25 | harooooo · wall_segment Palisade Wall x1 |
| 23:05 | harooooo · age_up castle |
| 28:30 | harooooo · resign |
[ AI ANALYSIS · 1 CREDIT ]
What really happened in this match?
Wolo.gg analyzes every decision: build order, eco, micro, common mistakes by bracket. Personalized analysis on WhatsApp or Discord in 30 seconds.
Civ guide
Celts
Perfil
Jugador #10840748